 Dungeon Crawl Stone Soup version 0.29-a0-384-g6960b1960d (webtiles) character file.

Game seed: 8353505858783883166

179 bande the Covered (level 5, 0/33 HPs)
             Began as a Gargoyle Fighter on May 8, 2022.
             Slain by a gnoll
             ... wielding a +0 spear
              (3 damage)
             ... on level 3 of the Dungeon.
             The game lasted 00:05:07 (2875 turns).

bande the Covered (Gargoyle Fighter)                Turns: 2875, Time: 00:05:08

Health: 0/33       AC: 15    Str: 19    XL:     5   Next: 59%
Magic:  5/5        EV:  5    Int:  9    God:
Gold:   182        SH:  4    Dex: 11    Spells: 4/4 levels left

rFire   . . .      SeeInvis .   a - +0 war axe
rCold   . . .      Faith    .   c - +0 buckler
rNeg    + . .      Spirit   .   e - +0 plate armour
rPois   ∞          Reflect  .   (no helmet)
rElec   +          Harm     .   (no cloak)
rCorr   .          Rampage  .   (no gloves)
Will    .....                   (no boots)
Stlth   ..........              (no amulet)
HPRegen 0.11/turn               (no ring)
MPRegen 0.09/turn               (no ring)

@: no status effects
A: sickness immunity, AC +4, negative energy resistance 1, electricity
resistance, torment resistance 1, petrification resistance
a: no special abilities


You were on level 3 of the Dungeon.
You visited 1 branch of the dungeon, and saw 3 of its levels.

You collected 182 gold pieces.

Inventory:

Hand Weapons
 a - a +0 war axe (weapon)
Armour
 c - a +0 buckler (worn)
 e - a +0 plate armour (worn)
Jewellery
 g - an amulet of the acrobat
Potions
 b - a potion of heal wounds
 d - 4 potions of might
 f - 2 potions of flight


   Skills:
 + Level 4.0 Fighting
 + Level 3.5 Axes
 + Level 4.3 Armour
 + Level 0.2 Dodging
 + Level 3.9 Shields


You had 4 spell levels left.
You didn't know any spells.
Your spell library contained the following spells:

 Spells                   Type           Power      Damage    Failure   Level
 Freeze                   Ice            0%         1d3       100%        1
 Frozen Ramparts          Ice            0%         1d2       100%        3
 Hailstorm                Conj/Ice       0%         3d3       100%        4


Dungeon Overview and Level Annotations

Branches:
Dungeon (3/15)

Altars:

Shops:
D:3 (


Innate Abilities, Weirdness & Mutations

You are immune to sickness and miasma.
Your stone body is resilient. (AC +4)
You are immune to poison.
You resist negative energy. (rN+)
You are resistant to electric shocks. (rElec)
You are resistant to unholy torment.
You are immune to petrification.


Message History

The jackal is lightly wounded.
You barely miss the jackal. You slash the gnoll!
You kill the gnoll!
The jackal bites you but does no damage. x2
The gnoll hits you but does no damage.
The jackal bites you but does no damage. x2
The gnoll hits you but does no damage.
You hit the jackal.
The jackal is severely wounded.
You hit the jackal.
You kill the jackal!
The jackal bites you but does no damage. x2
The gnoll hits you from afar with a +0 spear.
* * * LOW HITPOINT WARNING * * *
The jackal bites you but does no damage.
You block the gnoll's attack. The jackal completely misses you.
You barely miss the gnoll. You closely miss the jackal.
You block the jackal's attack. The gnoll hits you but does no damage.
The jackal barely misses you.
You hit the gnoll but do no damage. You barely miss the jackal.
The gnoll barely misses you. The jackal barely misses you.
The gnoll closely misses you. The jackal barely misses you.
You hit the gnoll but do no damage. You barely miss the jackal.
The jackal bites you but does no damage.
You block the gnoll's attack.
You closely miss the gnoll. You barely miss the jackal. The jackal bites you.
* * * LOW HITPOINT WARNING * * *
You block the gnoll's attack. You block the jackal's attack.
You slash the gnoll!
The gnoll is severely wounded.
You hit the jackal. You block the jackal's attack.
The gnoll hits you but does no damage. The jackal barely misses you.
The gnoll hits you with a +0 spear.
* * * LOW HITPOINT WARNING * * *
You hit the gnoll.
The gnoll is almost dead.
You closely miss the jackal.
The jackal bites you but does no damage.
The gnoll hits you with a +0 spear.
You die...

######.####..........##
#............PP..##
######............P....#
†..............P.......#
.............(.P..8..P.#
#######.............P...
#.........)..)....
#........)h.PP....
#........#@......#
#........#g#....##
#........#.#....#
#........#.#....#
#........#.# ....#
##########.# ....# #..
...# ###


You could see a gnoll and a jackal.

Vanquished Creatures
  A scorpion (D:3)
  An orc wizard (D:3)
  2 gnolls (D:3)
  An adder (D:3)
  4 worms
  A dart slug (D:1)
  2 orcs (D:3)
  2 ball pythons
  3 bats
  5 endoplasms
  3 giant cockroaches
  5 goblins
  3 hobgoblins
  2 jackals (D:3)
  4 kobolds
  3 quokkas
  8 frilled lizards
  2 rats
52 creatures vanquished.

Vanquished Creatures (others)
  3 fungi (D:3)
3 creatures vanquished.

Grand Total: 55 creatures vanquished

Notes
Turn   | Place    | Note
-------+----------+-------------------------------------------
     0 | D:1      | bande the Gargoyle Fighter began the quest for the Orb.
     0 | D:1      | Reached XP level 1. HP: 14/14 MP: 1/1
    49 | D:1      | Found a faded altar of an unknown god.
   196 | D:1      | Reached XP level 2. HP: 19/19 MP: 2/2
   764 | D:2      | Reached XP level 3. HP: 13/23 MP: 3/3
  1388 | D:2      | Identified the +6 whip of Nuzenkax {pain, Dex+4}
  2030 | D:3      | Found Duuj's Antique Weapon Emporium.
  2077 | D:3      | Noticed a scorpion
  2087 | D:3      | Killed a scorpion
  2088 | D:3      | Reached XP level 4. HP: 7/29 MP: 4/4
  2350 | D:3      | Reached XP level 5. HP: 20/33 MP: 5/5
  2875 | D:3      | Slain by a gnoll

Illustrated notes

Levels and vault maps discovered:
D:1:      ncdulo_halloftheorcs, layout_basic, ebering_ecumenical_altar_mist
D:2:      layout_basic, kennysheep_generic_room_11
D:3:      layout_basic, serial_shops, shop, dreamdust_mushroom_princess

Skill      XL: |  1  2  3  4  5 |
---------------+----------------+-----
Axes           | 2 3 |  3.5
Armour         | 4 |  4.3
Fighting       | 4 |  4.0
Dodging        | |  0.2
Shields        | |  3.9

Action                   |  1- 3 |  4- 6 || total
-------------------------+-------+-------++-------
Melee: War axe           |   121 |    47 ||   168
  Use: Scroll            |     6 |     4 ||    10
Armor: Plate armour      |    66 |    60 ||   126
       Scale mail        |     3 |       ||     3
Dodge: Dodged            |    29 |    18 ||    47
Block: Buckler           |    19 |    24 ||    43

Table legend: (Time is in decaauts)
 A = Elapsed time spent in this place.
 B = Non-inter-level travel time spent in this place.
 C = Inter-level travel time spent in this place.
 D = Time resting spent in this place.
 E = Time spent auto-exploring this place.
 F = Levels seen in this place.
 G = Mean time per level.
                   A        B        C        D        E       F      G
               +--------+--------+--------+--------+--------+-----+--------+
         Total |   2944 |   2944 |      0 |    445 |   1970 |   3 |  981.3 |
       Dungeon |   2944 |   2944 |      0 |    445 |   1970 |   3 |  981.3 |
               +--------+--------+--------+--------+--------+-----+--------+

Top non-repeatable levels by time:
     D:2: 1117 daAuts
     D:3: 1108 daAuts
     D:1: 718 daAuts
